 Dungeon Crawl Stone Soup version 0.15-a0-1909-gd9acbb9 (webtiles) character file.

755 PolkaDot the Jinx (level 7, -10/46 HPs)
             Began as a Vampire Enchanter on July 6, 2014.
             Was a Follower of Ashenzari.
             Mangled by Prince Ribbit (14 damage)
             ... on Level 5 of the Dungeon.
             The game lasted 00:22:49 (4487 turns).

PolkaDot the Jinx (Vampire Enchanter)               Turns: 4487, Time: 00:22:49

HP -10/46        AC  5     Str 12      XL: 7   Next: 49%
MP  11/12        EV 12     Int 19      God: Ashenzari [*.....]
Gold 175         SH  0     Dex 14      Spells:  4 memorised,  1 level left

rFire  . . .     SeeInvis +     o - +1 dagger (venom) (curse)
rCold  + + .     Clarity  .     b - +1 robe
rNeg   + + +     rCorr    .     (no shield)
rPois  +         rRot     +     (no helmet)
rElec  .         Spirit   .     (no cloak)
SustAb .         Warding  .     (no gloves)
rMut   .         Stasis   .     d - +1 pair of boots
Gourm  .                        n - amulet of faith
MR     .....                    k - ring of regeneration
                                p - ring of wizardry

@: mighty, very slightly contaminated, bloodless, non-regenerating, invisible,
not resistant to hostile enchantments, stealthy
A: bottle blood, fangs 3, see invisible, unbreathing
a: Bat Form, Bottle Blood, Renounce Religion


You were on level 5 of the Dungeon.
You worshipped Ashenzari.
Ashenzari was aware of your devotion.
You were bloodless.

You visited 2 branches of the dungeon, and saw 6 of its levels.

You collected 219 gold pieces.
You spent 44 gold pieces at shops.

Inventory:

Hand weapons
 o - a cursed +1 dagger of venom (weapon)
Armour
 b - a +1 robe (worn)
 d - a +1 pair of boots (worn)
Scrolls
 a - a scroll of fog
 e - a scroll of teleportation
 h - 2 scrolls of curse armour
 m - a scroll of recharging {unknown}
Jewellery
 g - an uncursed ring of flight
 k - a ring of regeneration (right hand)
 n - an amulet of faith (around neck)
 p - a ring of wizardry (left hand)
Potions
 f - a potion of restore abilities
 l - a potion of might
 q - a potion of invisibility
 r - a potion of agility {unknown}
Books
 c - a book of Maledictions

   Spells                             Type                      Level
   *Corona                            Hexes                        1
   Sure Blade                         Hexes/Charms                 2
   *Ensorcelled Hibernation           Hexes/Ice                    2
   *Confuse                           Hexes                        3
   *Dazzling Spray                    Conjuration/Hexes            3
   Enslavement                        Hexes                        4


   Skills:
 + Level 5.2 Short Blades
 - Level 2.1 Dodging
 + Level 7.0 Stealth
 - Level 2.0 Spellcasting
 * Level 9.0 Hexes
 - Level 1.3 Ice Magic
 - Level 0.8 Evocations


You had one spell level left.
You knew the following spells:

 Your Spells              Type           Power        Failure   Level  Hunger
a - Corona                Hex            #####..      1%          1    #......
c - Confuse               Hex            #####...     1%          3    ####...
d - Ensorcelled Hibernat  Hex/Ice        ###...       1%          2    ##.....
s - Dazzling Spray        Conj/Hex       ###.....     4%          3    ####...


Dungeon Overview and Level Annotations

Branches:
Dungeon (5/15)             Temple (1/1) D:4

Altars:
Ashenzari
Cheibriados
Dithmenos
Elyvilon
Fedhas
Gozag
Kikubaaqudgha
Makhleb
Nemelex Xobeh
Okawaru
Trog
Vehumet
Xom
Yredelemnul
Zin
The Shining One

Shops:
D:4 ?

Annotations:
D:5 Prince Ribbit


Innate Abilities, Weirdness & Mutations

You do not heal naturally.
You can bottle blood from corpses.
You have razor-sharp teeth.*
You have supernaturally acute eyesight.
You can survive without breathing.*


Message History

You slash Prince Ribbit!
Prince Ribbit is poisoned.
Prince Ribbit is moderately wounded.
You slash Prince Ribbit!
Prince Ribbit looks even sicker.
Prince Ribbit is heavily wounded.
Prince Ribbit misses you.
You miss Prince Ribbit.
Prince Ribbit is heavily wounded.
Prince Ribbit hits you.
* * * LOW HITPOINT WARNING * * *
You completely miss Prince Ribbit.
Prince Ribbit is severely wounded.
Prince Ribbit hits you.
* * * LOW HITPOINT WARNING * * *
The orc hits you but does no damage.
Unknown command.
Unknown command.
You completely miss Prince Ribbit.
Prince Ribbit is severely wounded.
Prince Ribbit hits you!
You die...

##.!.?...##
#.#...### #.#####
#.#
#.###############
#.##............#
#........><......
###o..###......####
#.@F### ########
#...#.# #..>.##.#
##... #.# #.. #.#
#.. #.# #. ..# .
..# ..#


You could see Prince Ribbit and an orc.

Vanquished Creatures
  A hungry ghost (D:4)
  The ghost of letownia the Cutter, an average KoAs (D:3)
  Sigmund (D:4)
  A hound (D:4)
  3 orc priests
  An orc wizard (D:3)
  Natasha (twice) (D:4)
  A worker ant (D:3)
  An ogre skeleton (D:4)
  3 gnolls (D:4)
  7 adders
  A worm (D:3)
  The ghost of twoninja the Stinger, a weakling DEVM (D:4)
  5 giant geckos
  2 oozes (D:3)
  18 orcs
  3 giant cockroaches
  13 goblins
  10 hobgoblins
  6 jackals
  2 quokkas
  A ball python (D:3)
  8 bats
  4 giant newts
  A hobgoblin skeleton (D:4)
  8 kobolds
  A kobold skeleton (D:4)
  4 rats
110 creatures vanquished.

Notes
Turn   | Place    | Note
--------------------------------------------------------------
     0 | D:1      | PolkaDot, the Vampire Enchanter, began the quest for the Orb.
     0 | D:1      | Reached XP level 1. HP: 13/13 MP: 3/3
   404 | D:1      | Reached XP level 2. HP: 8/19 MP: 1/4
   624 | D:1      | Learned a level 2 spell: Ensorcelled Hibernation
  1246 | D:2      | Reached XP level 3. HP: 24/24 MP: 6/6
  1256 | D:2      | Reached skill level 1 in Ice Magic
  1495 | D:2      | Found a basalt altar of Yredelemnul.
  1676 | D:2      | Found a sparkling altar of Nemelex Xobeh.
  1721 | D:2      | Reached skill level 5 in Hexes
  1776 | D:2      | Reached XP level 4. HP: 30/30 MP: 4/7
  1845 | D:2      | Found an opulent altar of Gozag.
  1846 | D:2      | Found an iron altar of Okawaru.
  2010 | D:3      | Learned a level 3 spell: Confuse
  2157 | D:3      | Reached skill level 5 in Stealth
  2157 | D:3      | Reached skill level 6 in Hexes
  2159 | D:3      | Reached XP level 5. HP: 24/35 MP: 1/9
  2850 | D:3      | Noticed letownia's ghost (average KoAs)
  2914 | D:3      | Killed letownia's ghost
  2914 | D:3      | Reached skill level 7 in Hexes
  2914 | D:3      | Reached XP level 6. HP: 33/41 MP: 6/10
  3192 | D:4      | Noticed Sigmund
  3200 | D:4      | Noticed twoninja's ghost (weakling DEVM)
  3208 | D:4      | Killed Sigmund
  3365 | D:4      | Found a staircase to the Ecumenical Temple.
  3379 | D:4      | Killed twoninja's ghost
  3391 | Temple   | Entered the Ecumenical Temple
  3399 | Temple   | Became a worshipper of Ashenzari the Shackled
  3408 | Temple   | Learned a level 3 spell: Dazzling Spray
  3507 | D:4      | Found an ancient bone altar of Kikubaaqudgha.
  3546 | D:4      | Found Cefargh's Magic Scroll Emporium.
  3551 | D:4      | Bought a scroll of identify for 22 gold pieces
  3551 | D:4      | Bought a scroll of identify for 22 gold pieces
  3786 | D:4      | Reached skill level 8 in Hexes
  4024 | D:4      | Noticed Natasha
  4029 | D:4      | Killed Natasha
  4051 | D:4      | Noticed a hungry ghost
  4060 | D:4      | Killed a hungry ghost
  4060 | D:4      | Reached XP level 7. HP: 46/46 MP: 8/12
  4188 | D:4      | Noticed Natasha
  4192 | D:4      | Killed Natasha
  4314 | D:4      | Reached skill level 5 in Short Blades
  4333 | D:4      | Reached skill level 9 in Hexes
  4456 | D:5      | Entered Level 5 of the Dungeon
  4465 | D:5      | Noticed Prince Ribbit
  4487 | D:5      | Mangled by Prince Ribbit

Action                   |  1- 3 |  4- 6 |  7- 9 || total
-------------------------+-------+-------+-------++-------
Melee: Dagger            |   105 |   131 |    45 ||   281
 Cast: Corona            |    11 |     1 |       ||    12
       Ensorcelled Hiber |    17 |    31 |     7 ||    55
       Confuse           |       |    10 |       ||    10
  Use: Potion            |     1 |       |     5 ||     6
       Scroll            |       |    13 |     1 ||    14
 Stab: Sleeping          |    20 |    25 |     8 ||    53
       Distracted        |     1 |       |       ||     1
       Confused          |       |     6 |       ||     6
  Eat: Corpse            |       |     1 |       ||     1
